 Dungeon Crawl Stone Soup version 0.26.1-2-gb8aa6d0cf2 (webtiles) character file.

Game seed: 9452573064063743855

81479 H0rd4k the Bludgeoner (level 16, 0/129 HPs)
             Began as a Human Artificer on Mar 17, 2021.
             Was an Initiate of Gozag.
             Slain by a redback (3 damage)
             ... on level 1 of the Spider Nest.
             The game lasted 00:47:21 (28138 turns).

H0rd4k the Bludgeoner (Human Artificer)            Turns: 28138, Time: 00:47:22

Health: 0/129      AC: 31    Str: 31    XL:     16   Next: 18%
Magic:  23/23      EV: 12    Int: 14    God:    Gozag
Gold:   925        SH:  5    Dex: 19    Spells: 15/15 levels left

rFire    x . .     SeeInvis .   y - +10 dark maul {vorpal}
rCold    + + .     Faith    .   (shield currently unavailable)
rNeg     + + +     Spirit   .   r - +7 plate armour "Coddol" {Harm rC+ rN+}
rPois    +         Reflect  +   P - +2 helmet "Fairesk" {Str+4}
rElec    .         Harm     +   (no cloak)
rCorr    +         Rampage  +   x - +2 pair of gloves of Context {*Contam Rampage rCorr Str+4}
Will     .....                  E - +2 pair of boots
Stlth    ..........             J - amulet of Effabba {Reflect rPois SH+5}
HPRegen  0.31/turn              a - ring "Rieq" {rPois rN+ Will- Str+2 Int+2 Dex+3}
MPRegen  0.18/turn              M - ring of Starshine {rF- rC+ rN++ MP+9 Str+4 Stlth+}

@: about to teleport, corroded, gold aura
A: rugged brown scales 2, low mp 1
a: Renounce Religion, Potion Petition, Call Merchant, Bribe Branch


You were on level 1 of the Spider Nest.
You worshipped Gozag.
Gozag was pleased with you.
You visited 5 branches of the dungeon, and saw 21 of its levels.
You also visited: Sewer and Ossuary.

You collected 7256 gold pieces.
You spent 4066 gold pieces at shops.
You paid 2265 gold pieces to Gozag.

Inventory:

Hand Weapons
 n - the +11 great mace "Ubopsar" {spect, Str+3}
   (You found it on level 1 of the Lair of Beasts)

   It retains the spirit of the tree from which it was made.
   In the hands of one skilled in evocations this spirit is drawn out to fight
   along side the wielder.
   It affects your strength (+3).
 y - the +10 dark maul (weapon) {vorpal}
   (You found it in a sewer)

   It inflicts extra damage upon your enemies.
Missiles
 j - 2 curare-tipped darts
 w - 86 poisoned darts
Armour
 r - the +7 plate armour "Coddol" (worn) {Harm rC+ rN+}
   (You bought it in a shop on level 11 of the Dungeon)

   It protects you from cold.
   It protects you from negative energy.
   It increases damage dealt and taken.
 x - the +2 pair of gloves of Context (worn) {*Contam Rampage rCorr Str+4}
   (You found it in a sewer)

   It affects your strength (+4).
   It causes magical contamination when unequipped.
   It provides partial protection from all sources of acid and corrosion.
   It bestows one free step when moving towards enemies.
 E - a +2 pair of boots (worn)
 P - the +2 helmet "Fairesk" (worn) {Str+4}
   (You bought it in a shop on level 9 of the Dungeon)

   It affects your strength (+4).
Magical Staves
 I - an uncursed staff of earth
Jewellery
 a - the ring "Rieq" (left hand) {rPois rN+ Will- Str+2 Int+2 Dex+3}
   (You bought it in a shop on level 11 of the Dungeon)

   [ring of positive energy]

   It affects your strength (+2).
   It affects your intelligence (+2).
   It affects your dexterity (+3).
   It protects you from poison.
   It protects you from negative energy.
   It affects your willpower, your defense against some magical effects.
 f - an uncursed amulet of regeneration {unknown}
 J - the amulet of Effabba (around neck) {Reflect rPois SH+5}
   (You bought it in a shop on level 11 of the Dungeon)

   [amulet of reflection]

   It shields you and reflects attacks.
   It protects you from poison.
   It affects your SH (+5).
 M - the ring of Starshine (right hand) {rF- rC+ rN++ MP+9 Str+4 Stlth+}
   (You bought it in a shop on level 11 of the Dungeon)

   [ring of magical power]

   It affects your strength (+4).
   It makes you vulnerable to fire.
   It protects you from cold.
   It greatly protects you from negative energy.
   It affects your magic capacity (+9).
   It makes you more stealthy.
Wands
 c - a wand of flame (6) (quivered)
 d - a wand of enslavement (25)
 e - a wand of random effects (83)
 o - a wand of digging (7)
 U - a wand of polymorph (9)
Scrolls
 g - 8 scrolls of teleportation
 k - 4 scrolls of magic mapping
 m - 11 scrolls of remove curse
 s - 3 scrolls of enchant weapon
 u - 8 scrolls of identify
 G - 4 scrolls of enchant armour
 H - 2 scrolls of fog
 L - 2 scrolls of fear
 R - 3 scrolls of amnesia
Potions
 b - a potion of haste
 h - 11 potions of curing
 l - 2 potions of berserk rage
 v - a potion of resistance
 z - 7 potions of might
 A - 4 potions of brilliance
 B - 2 potions of flight
 C - 6 potions of mutation
 K - 2 potions of magic
Miscellaneous
 q - a phial of floods


   Skills:
 + Level 10.4 Fighting
 + Level 4.2(5.1) Short Blades
 + Level 4.3(5.2) Long Blades
 + Level 18.2 Maces & Flails
 + Level 12.3 Armour
 + Level 5.2 Dodging
 + Level 5.1 Stealth
 + Level 5.4 Shields
 + Level 4.6 Evocations


You had 15 spell levels left.
You didn't know any spells.
Your spell library contained the following spells:

 Spells                   Type           Power        Failure   Level
 Animate Skeleton         Necr           0%           86%         1
 Magic Dart               Conj           0%           86%         1
 Pain                     Necr           0%           86%         1
 Sting                    Tmut/Pois      0%           86%         1
 Blink                    Tloc           N/A          95%         2
 Call Imp                 Summ           0%           95%         2
 Poisonous Vapours        Pois/Air       0%           95%         2
 Slow                     Hex            0%           95%         2
 Conjure Flame            Conj/Fire      0%           99%         3
 Gell's Gravitas          Tloc           0%           99%         3
 Ignite Poison            Fire/Tmut/Pois 0%           99%         3
 Lesser Beckoning         Tloc           0%           99%         3
 Mephitic Cloud           Conj/Pois/Air  0%           99%         3
 Teleport Other           Tloc           0%           99%         3
 Vampiric Draining        Necr           0%           99%         3
 Animate Dead             Necr           0%           100%        4
 Olgreb's Toxic Radiance  Pois           0%           100%        4
 Passage of Golubria      Tloc           N/A          100%        4
 Agony                    Necr           0%           100%        5
 Summon Demon             Summ           0%           100%        5
 Summon Forest            Summ/Tloc      0%           100%        5
 Summon Mana Viper        Hex/Summ       0%           100%        5
 Freezing Cloud           Conj/Ice/Air   0%           100%        6
 Shadow Creatures         Summ           N/A          100%        6
 Summon Hydra             Summ           0%           100%        7


Dungeon Overview and Level Annotations

Branches:
Dungeon (11/15)            Temple (1/1) D:5            Lair (6/6) D:11
  Swamp (0/4) Lair:2       Spider (1/4) Lair:3        Slime (0/5) Lair:6
    Orc (2/2) D:10            Elf (0/3) Orc:2         Sewer (visited)
Ossuary (visited)

Altars:
Ashenzari
Cheibriados
Dithmenos
Elyvilon
Fedhas
Gozag
Hepliaklqana
Kikubaaqudgha
Makhleb
Nemelex Xobeh
Okawaru
Qazlal
Ru
Sif Muna
Trog
Uskayaw
Vehumet
Wu Jian
Xom
Yredelemnul
Zin
The Shining One
Jiyva

Shops:
D:9 [[![*   D:11 =[[   Orc:2 }::}

Annotations:
D:11 2 transporters
Lair:5 exclusion: downstairs


Innate Abilities, Weirdness & Mutations

You are mostly covered in rugged brown scales. (AC +2, +5% HP)
Your magical capacity is low. (-10% MP)


Message History

You feel strangely unstable. The tarantella bites you.
* * * LOW HITPOINT WARNING * * *
The redback bites you but does no damage.
The jumping spider pounces on you but does no damage.
The jumping spider bites you.
* * * LOW HITPOINT WARNING * * *
You block the redback's attack. The tarantella completely misses you.
The tarantella barely misses you. The redback bites you.
* * * LOW HITPOINT WARNING * * *
The jumping spider closely misses you. The jumping spider barely misses you.
Unknown command.
You sock the entropy weaver!
The entropy weaver is no longer distracted by gold.
The entropy weaver is moderately wounded.
The redback is no longer distracted by gold.
The redback misses you. The tarantella bites you!
* * * LOW HITPOINT WARNING * * *
The redback bites you.
You die...
Your body crumbles into a pile of gold.

.. ..^....##. #..
..... .. .
##^.#.......#..
#....#$.......#
.......(...#>..
.........#......
......#.^.....).
.#......ss#......
...#...Bs@s.>.#
........ssB#.##
#..........# #
#...#......#
.#.........#
...........#
#.....#....# ####
...........#
#..####
##.........#
##...^####


You could see 2 entropy weavers, a jumping spider, 2 tarantellas and 3 redbacks.

Vanquished Creatures
  Jorgrun (D:10)
  Frances (Spider:1)
  An emperor scorpion (Spider:1)
  An entropy weaver (Spider:1)
  Harold (Lair:1)
  Josephine (Spider:1)
  3 hydras (Lair:3)
  4 catoblepae (Lair:6)
  A boulder beetle (Lair:4)
  Urug (Lair:1)
  20 death yaks
  3 orc high priests (Orc:2)
  A fire crab (Lair:3)
  Pikel (D:8)
  A lindwurm (Lair:6)
  5 orc knights (Orc:2)
  6 orc sorcerers
  3 oklob plants
  2 ugly things (D:11)
  3 wolf spiders
  9 black mambas
  3 manticores
  4 elephants (Lair:6)
  10 cane toads
  Joseph (D:8)
  Maggie (D:6)
  A kobold demonologist (D:11)
  3 rime drakes
  8 komodo dragons
  2 demonic crawlers (Spider:1)
  A troll (Orc:2)
  3 jumping spiders (Spider:1)
  2 hornets
  2 polar bears
  9 blink frogs
  8 dream sheep
  6 wraiths
  7 redbacks
  A shadow (D:11)
  Sigmund (D:6)
  5 tarantellas (Spider:1)
  5 wyverns
  Eustachio (D:4)
  74 yaks
  5 basilisks
  Menkaure (D:6)
  Edmund (D:4)
  2 wargs
  An acid dragon (D:9)
  Duvessa (D:6)
  18 water moccasins
  23 orc warriors
  3 sky beasts
  A swamp drake (Lair:2)
  A black bear (Lair:2)
  5 ice beasts
  7 phantoms
  8 wolves
  5 centaurs
  10 ogres
  A lemure (D:8)
  3 big kobolds
  14 bullfrogs
  2 gnoll sergeants
  Dowan (D:6)
  A wyvern skeleton (D:11)
  3 water moccasin zombies (Ossuary)
  A scorpion (D:5)
  3 killer bees (D:10)
  16 wights
  An electric eel (Spider:1)
  3 howler monkeys (D:9)
  A bullfrog zombie (D:10)
  A quasit (D:8)
  2 hounds
  19 orc priests
  3 jellies
  3 bullfrog skeletons
  A centaur skeleton (D:10)
  5 iguanas
  21 orc wizards
  4 worker ants
  A big kobold zombie (Ossuary)
  2 mummies (Ossuary)
  2 worker ant zombies
  9 gnolls
  16 adders
  5 river rats (Sewer)
  6 shadow imps
  3 white imps
  An ufetubus (D:8)
  2 oozes
  2 adder skeletons
  8 adder zombies
  6 worms
  3 dart slugs
  8 leopard geckos
  62 orcs
  12 giant cockroaches
  A gnoll zombie (Ossuary)
  14 goblins
  11 hobgoblins
  11 jackals
  2 quokkas
  7 ball pythons
  2 bats
  8 frilled lizards
  3 hobgoblin zombies (Ossuary)
  A jackal skeleton (D:8)
  26 kobolds
  4 kobold zombies (Ossuary)
  3 orc zombies (Ossuary)
  26 rats
  A plant (D:11)
696 creatures vanquished.

Vanquished Creatures (collateral kills)
  2 orcs (D:4)
2 creatures vanquished.

Vanquished Creatures (others)
  An ogre (D:10)
  A killer bee (D:10)
  2 orc wizards
  2 bushes
  35 fungi
  60 plants
101 creatures vanquished.

Grand Total: 799 creatures vanquished

Notes
Turn   | Place    | Note
-------+----------+-------------------------------------------
     0 | D:1      | H0rd4k the Human Artificer began the quest for the Orb.
     0 | D:1      | Reached XP level 1. HP: 15/15 MP: 1/1
   243 | D:1      | Reached XP level 2. HP: 7/21 MP: 2/2
   472 | D:1      | Reached XP level 3. HP: 9/26 MP: 3/3
  1593 | D:2      | Reached XP level 4. HP: 27/32 MP: 4/4
  1698 | D:2      | Reached skill level 1 in Short Blades
  2065 | D:2      | Found a glowing silver altar of Zin.
  2076 | D:2      | Reached XP level 5. HP: 23/37 MP: 5/5
  2209 | D:2      | Found a snail-covered altar of Cheibriados.
  2764 | D:3      | Noticed an ice beast
  2772 | D:3      | Killed an ice beast
  2773 | D:3      | Reached XP level 6. HP: 44/44 MP: 6/6
  3217 | D:3      | You fall into a shaft and drop 1 floor!
  3218 | D:4      | Noticed a phantom
  3224 | D:4      | Noticed Eustachio
  3284 | D:4      | Found a blossoming altar of Fedhas.
  3296 | D:4      | Found a glowing drain.
  3319 | Sewer    | Entered a sewer
  3663 | Sewer    | Got a pair of fading gloves
  3669 | Sewer    | Identified the +2 pair of gloves of Context {*Contam
                  | Rampage rCorr Str+4} (You found it in a sewer)
  3854 | Sewer    | Found the +10 dark maul {vorpal}
  3872 | Sewer    | Reached XP level 7. HP: 43/51 MP: 7/7
  4345 | D:4      | Killed Eustachio
  4348 | D:4      | Reached skill level 1 in Maces & Flails
  4348 | D:4      | Reached XP level 8. HP: 38/58 MP: 8/8
  4573 | D:4      | Noticed Edmund
  4576 | D:4      | Killed Edmund
  4577 | D:4      | Reached skill level 2 in Maces & Flails
  4577 | D:4      | Reached skill level 5 in Armour
  4588 | D:4      | Found a sacrificial altar of Ru.
  4981 | D:4      | Gained mutation: You occasionally shout uncontrollably at
                  | your foes. [mutagenic glow]
  4989 | D:4      | Lost mutation: You occasionally shout uncontrollably at
                  | your foes. [potion of mutation]
  4989 | D:4      | Gained mutation: You are partially covered in rugged brown
                  | scales. (AC +1, +3% HP) [potion of mutation]
  4989 | D:4      | Gained mutation: Your magical capacity is low. (-10% MP)
                  | [potion of mutation]
  4989 | D:4      | Gained mutation: You are mostly covered in rugged brown
                  | scales. (AC +2, +5% HP) [potion of mutation]
  5007 | D:5      | Entered Level 5 of the Dungeon
  5140 | D:5      | Reached skill level 3 in Maces & Flails
  5261 | D:5      | Found a staircase to the Ecumenical Temple.
  5314 | Temple   | Entered the Ecumenical Temple
  5414 | Temple   | Became a worshipper of Gozag Ym Sagoz the Greedy
  5574 | D:5      | Reached skill level 4 in Maces & Flails
  6293 | D:6      | Noticed Duvessa
  6293 | D:6      | Noticed Dowan
  6304 | D:6      | Reached XP level 9. HP: 46/68 MP: 8/8
  6305 | D:6      | Killed Duvessa
  6306 | D:6      | Reached skill level 1 in Long Blades
  6310 | D:6      | Killed Dowan
  6311 | D:6      | Reached skill level 5 in Maces & Flails
  6331 | D:6      | Found a hide-covered altar of Uskayaw.
  6808 | D:6      | Noticed Menkaure
  6809 | D:6      | Noticed Sigmund
  7072 | D:6      | Killed Sigmund
  7073 | D:6      | Reached skill level 6 in Maces & Flails
  7498 | D:7      | Found a sand-covered staircase.
  7527 | Ossuary  | Entered an ossuary
  7688 | Ossuary  | Reached skill level 7 in Maces & Flails
  7794 | D:7      | Reached XP level 10. HP: 75/76 MP: 9/9
  8122 | D:7      | Paralysed by a hornet for 1 turns
  8123 | D:7      | Reached skill level 5 in Fighting
  8125 | D:7      | Reached skill level 8 in Maces & Flails
  8670 | D:8      | You fall into a shaft and drop 3 floors!
  8676 | D:11     | Noticed a kobold demonologist
  8683 | D:11     | Killed a kobold demonologist
  8690 | D:11     | Noticed a boulder beetle
  8750 | D:11     | Noticed a manticore
  8752 | D:11     | Killed a manticore
  8768 | D:11     | Reached skill level 9 in Maces & Flails
  8853 | D:11     | Found a transporter.
  8855 | D:11     | Noticed a kobold demonologist
  8855 | D:11     | Noticed a kobold demonologist
  8856 | D:11     | Noticed a fire crab
  8857 | D:11     | Noticed a kobold demonologist
  8895 | D:11     | Noticed a deep elf knight
  8905 | D:11     | Found a transporter.
  8956 | D:10     | Entered Level 10 of the Dungeon
  8963 | D:10     | Got a pitted scimitar
  9101 | D:10     | Found a staircase to the Orcish Mines.
  9435 | D:9      | Found Jiukkiysk's Assorted Antiques.
  9455 | D:9      | Found Disa's Armour Boutique.
  9530 | D:9      | Found Anut's Antique Armour Shoppe.
  9539 | D:9      | Bought a crude scale mail for 324 gold pieces
  9539 | D:9      | Bought a crude helmet for 342 gold pieces
  9611 | D:9      | Reached XP level 11. HP: 76/85 MP: 9/9
  9633 | D:9      | Reached skill level 10 in Maces & Flails
 10249 | D:8      | Noticed Pikel
 10256 | D:8      | Killed Pikel
 10362 | D:8      | Noticed Joseph
 10388 | D:8      | Killed Joseph
 10770 | D:8      | Found a shadowy altar of Dithmenos.
 10944 | D:6      | Killed Menkaure
 11022 | D:6      | Noticed Maggie
 11033 | D:6      | Killed Maggie
 11034 | D:6      | Reached skill level 11 in Maces & Flails
 11380 | D:9      | Found Enuthos's Distillery.
 11399 | D:9      | Identified the +4 scale mail of Tender Moments {rF+ rC+ rN+
                  | Str-5} (You bought it in a shop on level 9 of the Dungeon)
 11404 | D:9      | Identified the +2 helmet "Fairesk" {Str+4} (You bought it
                  | in a shop on level 9 of the Dungeon)
 11406 | D:9      | Identified the +1 scimitar of Sunlight {antimagic, +Blink
                  | rC++} (You found it on level 10 of the Dungeon)
 11696 | D:9      | Found Xecke's Armour Shop.
 12653 | D:11     | Noticed a green ugly thing
 12654 | D:11     | Noticed a red ugly thing
 12658 | D:11     | Killed a green ugly thing
 12665 | D:11     | Killed a red ugly thing
 13141 | D:11     | Noticed an oklob plant
 13147 | D:11     | Found a staircase to the Lair.
 13151 | D:11     | Noticed an oklob plant
 13152 | D:11     | Killed an oklob plant
 13159 | D:11     | Killed an oklob plant
 13160 | D:11     | Reached skill level 1 in Shields
 13160 | D:11     | Reached XP level 12. HP: 74/93 MP: 10/10
 13286 | D:11     | Reached skill level 12 in Maces & Flails
 13951 | Lair:1   | Entered Level 1 of the Lair of Beasts
 13951 | Lair:1   | Noticed Urug
 13958 | Lair:1   | Killed Urug
 14217 | Lair:1   | Got an ichor-stained great mace
 14262 | Lair:1   | Noticed Harold
 14269 | Lair:1   | Killed Harold
 14353 | Lair:1   | Reached skill level 13 in Maces & Flails
 15199 | D:11     | Bought the +7 plate armour "Coddol" {Harm rC+ rN+} for 1295
                  | gold pieces
 15236 | D:11     | Identified the +11 great mace "Ubopsar" {spect, Str+3} (You
                  | found it on level 1 of the Lair of Beasts)
 15470 | Lair:2   | Reached XP level 13. HP: 61/100 MP: 11/11
 15877 | Lair:2   | Reached skill level 14 in Maces & Flails
 16308 | Lair:2   | Found a staircase to the Swamp.
 16906 | D:9      | Got a bloodstained lajatang
 17008 | Lair:1   | Identified the +5 lajatang "Nyudiu" {drain, rElec Will-
                  | Int+3 Stlth+} (You found it on level 9 of the Dungeon)
 17391 | Lair:3   | Found a hole to the Spider Nest.
 17668 | Lair:3   | Noticed an eight-headed hydra
 18269 | Lair:3   | Killed an eight-headed hydra
 18364 | Lair:3   | Noticed an eight-headed hydra
 18368 | Lair:3   | Killed an eight-headed hydra
 18589 | Lair:3   | Noticed a five-headed hydra
 18602 | Lair:3   | Killed a five-headed hydra
 18603 | Lair:3   | Reached skill level 10 in Armour
 18725 | Lair:4   | Found a bloodstained altar of Trog.
 18807 | Lair:4   | Noticed a boulder beetle
 18813 | Lair:4   | Killed a boulder beetle
 19168 | Lair:4   | Reached XP level 14. HP: 93/111 MP: 12/12
 19581 | Lair:4   | Found an ornate altar of the Wu Jian Council.
 19581 | Lair:4   | Found a hide-covered altar of Uskayaw.
 19789 | Lair:5   | Reached skill level 15 in Maces & Flails
 20883 | Lair:6   | Entered Level 6 of the Lair of Beasts
 21086 | Lair:6   | Reached skill level 5 in Dodging
 21172 | Lair:6   | Found a viscous altar of Jiyva.
 21172 | Lair:6   | Found a staircase to the Slime Pits.
 21490 | Lair:6   | Reached skill level 16 in Maces & Flails
 22174 | Lair:6   | Reached XP level 15. HP: 24/119 MP: 13/13
 23225 | Lair:6   | Reached skill level 5 in Shields
 23230 | Lair:6   | Reached skill level 17 in Maces & Flails
 23679 | D:11     | Bought the amulet of Effabba {Reflect rPois SH+5} for 659
                  | gold pieces
 23679 | D:11     | Bought the ring of Starshine {rF- rC+ rN++ MP+9 Str+4
                  | Stlth+} for 779 gold pieces
 23812 | Orc:1    | Entered Level 1 of the Orcish Mines
 23920 | Orc:2    | Entered Level 2 of the Orcish Mines
 23920 | Orc:2    | Found a staircase to the Elven Halls.
 24019 | Orc:1    | Noticed Jorgrun
 24035 | Orc:1    | HP: 5/120 [orc priest/divine providence (16)]
 24429 | D:10     | Killed Jorgrun
 24797 | D:11     | Bought the ring "Rieq" {rPois rN+ Will- Str+2 Int+2 Dex+3}
                  | for 667 gold pieces
 25569 | Orc:2    | Reached skill level 10 in Fighting
 25572 | Orc:2    | HP: 6/120 [orc knight/+0 great sword (22)]
 26129 | Orc:2    | Reached skill level 5 in Stealth
 26568 | Orc:2    | Found Pireozuo's Gadget Boutique.
 26574 | Orc:2    | Found Puenlukk's Book Shoppe.
 26578 | Orc:2    | Found Lynkeox's Book Shoppe.
 26589 | Orc:2    | Found Afeera Vuopi's Gadget Boutique.
 27199 | Spider:1 | Entered Level 1 of the Spider Nest
 27199 | Spider:1 | Noticed Frances
 27202 | Spider:1 | Killed Frances
 27204 | Spider:1 | Noticed Josephine
 27208 | Spider:1 | Killed Josephine
 27209 | Spider:1 | Reached XP level 16. HP: 128/128 MP: 14/14
 27215 | Spider:1 | Reached skill level 18 in Maces & Flails
 28138 | Spider:1 | HP: 3/129 [tarantella (14)]
 28138 | Spider:1 | Slain by a redback

Illustrated notes

Levels and vault maps discovered:
D:1:      matt_arrival_diagonals, layout_basic, minmay_tall_x
D:2:      layout_rooms, grunt_temple_overflow_open
D:3:      minmay_octagon_keep, layout_basic
D:4:      layout_rooms, marbit_many_paths, fedhas_ov_isle_minmay,
          portal_sewer_entry_f, uniq_edmund, uniq_eustachio
D:5:      layout_layer_cave, minmay_temple_entry_junction
D:6:      layout_rooms, eat_drink_and_be_merry_uskayaw, uniq_menkaure,
          uniq_maggie, uniq_sigmund, uniq_duvessa
D:7:      layout_gridville, lightli_ossuary_entry_decrepit_ruins,
          chequers_serial_rivers_small_a, grunt_ministairs_5, st_stairs_12
D:8:      layout_loops_corners, grunt_dithmenos_shadows,
          chequers_serial_rivers_small_a, uniq_joseph, uniq_pikel
D:9:      layout_loops_ring, serial_shops, shop, shop, shop, shop_statue,
          nicolae_shop_behind_doors, minivault_20
D:10:     layout_long_grid, david_orc_3
D:11:     gammafunk_wand_slinger, layout_grid_maze, dpeg_oklobed_lair
Temple:   compressed_dpeg_circular_temple
Lair:1:   layout_roguey, beast_lair_carwin_9, grunt_megastairs_3, uniq_urug,
          uniq_harold
Lair:2:   layout_roguey, minmay_swamp_entry_reptiles, beast_lair_carwin_1
Lair:3:   layout_regular_city, spider_nest_entry_funnel_web,
          minmay_shattered_shrine, infiniplex_staircase_pool_2
Lair:4:   layout_gridlike, basic_altar, nzn_masters_of_martial_movement,
          serial_bayou_shore_a, grunt_megastairs_5
Lair:5:   layout_cave_pods
Lair:6:   evilmike_catoblepas_cave, layout_hall_layers,
          dpeg_slime_entry_enclosed_altar, serial_bayou_lake_a
Spider:1: layout_spider_delve, drop_trap, uniq_frances, uniq_josephine
Orc:1:    layout_diamond_mine, uniq_jorgrun
Orc:2:    st_orc_elflike, layout_caves

Skill      XL: |  1  2  3  4  5  6  7  8  9 10 11 12 13 14 15 16 |
---------------+-------------------------------------------------+-----
Short Blades   | 1 2 3 4 |  4.2
Evocations     | 4 |  4.6
Armour         | 3 4 5 6 7 8 10 11 12 | 12.3
Fighting       | 2 3 4 5 6 7 8 9 10 | 10.4
Dodging        | 2 3 4 5 |  5.2
Maces & Flails | 1 4 7 9 11 13 14 16 17 18 | 18.2
Long Blades    | 3 4 |  4.3
Stealth        | 2 3 4 5 |  5.1
Shields        | 1 2 3 4 5 |  5.4

Action                   |  1- 3 |  4- 6 |  7- 9 | 10-12 | 13-15 | 16-18 || total
-------------------------+-------+-------+-------+-------+-------+-------++-------
Melee: Dagger            |    72 |   267 |    67 |       |       |       ||   406
       Club              |     6 |       |       |       |       |       ||     6
       Unarmed           |     5 |       |       |       |       |       ||     5
       Maul              |       |       |   146 |   325 |   433 |    37 ||   941
       Great mace        |       |       |       |    10 |       |       ||    10
Invok: Call Merchant     |       |       |       |     1 |     2 |       ||     3
Evoke: Wand              |       |    11 |       |     2 |    13 |       ||    26
  Use: Scroll            |       |       |    14 |    12 |    12 |     1 ||    39
       Potion            |       |       |     4 |     4 |     6 |       ||    14
 Stab: Sleeping          |     1 |       |       |     2 |       |       ||     3
       Distracted        |       |       |     2 |     4 |     5 |     1 ||    12
Armor: Leather armour    |    10 |       |       |       |       |       ||    10
       Chain mail        |    42 |   219 |   254 |   186 |       |       ||   701
       Scale mail        |       |       |       |    89 |       |       ||    89
       Plate armour      |       |       |       |    11 |   513 |    93 ||   617
Dodge: Dodged            |    51 |   104 |   231 |   322 |   368 |    71 ||  1147
Block: Other             |       |       |       |    42 |   173 |    33 ||   248
       Reflection        |       |       |       |     1 |     2 |       ||     3
